 Dungeon Crawl Stone Soup version 0.26-b1-32-g5d43845318 (webtiles) character file.

Game seed: 9310235197211906943

392 Anothat the Skirmisher (level 6, -7/58 HPs)
             Began as a Hill Orc Fighter on Jan 12, 2021.
             Was a Follower of Makhleb.
             Killed by nerve-wracking pain
             ... invoked by Grinder
              (14 damage)
             ... in a sewer.
             The game lasted 00:03:51 (2774 turns).

Anothat the Skirmisher (Hill Orc Fighter)           Turns: 2774, Time: 00:03:51

Health: -7/58      AC: 10    Str: 21    XL:     6   Next: 81%
Magic:  6/6        EV:  7    Int:  8    God:    Makhleb [*.....]
Gold:   119        SH:  0    Dex: 10    Spells: 5/5 levels left

rFire    . . .     SeeInvis +   a - +0 war axe
rCold    . . .     Faith    .   (no shield)
rNeg     . . .     Spirit   .   e - +0 chain mail
rPois    .         Reflect  .   n - +0 helmet
rElec    .         Harm     .   (no cloak)
rCorr    .         Rampage  .   (no gloves)
Will     .....                  (no boots)
Stlth    ..........             (no amulet)
HPRegen  0.19/turn              (no ring)
MPRegen  0.10/turn              (no ring)

@: no status effects
A: see invisible, no potion heal 1
a: Renounce Religion


You were in a sewer.
You worshipped Makhleb.
Makhleb was aware of your devotion.
You visited 1 branch of the dungeon, and saw 3 of its levels.
You also visited: Sewer.

You collected 119 gold pieces.

Inventory:

Hand Weapons
 a - a +0 war axe (weapon)
Armour
 b - a +0 scale mail
 c - a +0 kite shield
 e - a +0 chain mail (worn)
 n - a +0 helmet (worn)
Jewellery
 h - an uncursed ring of positive energy {unknown}
Scrolls
 i - 3 scrolls of teleportation {unknown}
 j - a scroll of magic mapping {unknown}
 l - a scroll of remove curse {unknown}
 m - a scroll of amnesia {unknown}
 o - a scroll of enchant armour {unknown}
 p - a scroll of fear {unknown}
Potions
 d - a potion of might
 f - a potion of cancellation {unknown}
 g - a potion of lignification {unknown}
 q - a potion of ambrosia {unknown}
 r - a potion of heal wounds {unknown}


   Skills:
 + Level 6.8 Fighting
 + Level 6.8 Axes
 - Level 3.2 Armour
 - Level 3.2 Shields


You had 5 spell levels left.
You didn't know any spells.
Your spell library was empty.

Dungeon Overview and Level Annotations

Branches:
Dungeon (3/15)              Sewer (1/1)

Altars:
Makhleb

Annotations:
Sewer Grinder


Innate Abilities, Weirdness & Mutations

You have supernaturally acute eyesight. (SInv)
Potions are less effective at restoring your health.


Message History

You closely miss Grinder.
Grinder is severely wounded.
Grinder says, "FISH!"
Grinder hits you.
You writhe in agony.
You slash Grinder!
Grinder is almost dead.
Grinder gestures at you. Pain shoots through your body!
You hit Grinder but do no damage.
Grinder is almost dead.
Grinder blinks!
Grinder gestures at you. Pain shoots through your body!
* * * LOW HITPOINT WARNING * * *
It was a potion of mutation.
You feel extremely strange.
Your system partially rejects the healing effects of potions.
Your vision sharpens.
Grinder gestures at you. Pain shoots through your body!
You die...

#≈...≈# #≈...≈#
#≈...≈# #≈...≈#
≈...≈# ##'''##
#######.....######
≈≈≈≈≈#..⌠.⌠..#≈≈≈≈
.....5.@.)...'....
.....'.⌠._.⌠.'....
.....'.......'....
≈≈≈≈≈#...!...#≈≈≈≈
########...### ###
#######'#############
≈≈≈≈≈#...#≈≈≈≈≈≈#≈≈≈#
≈≈≈≈≈.....≈)))≈≈≈≈.≈#
.....#...#))((..#


You could see Grinder.

Vanquished Creatures
  A centaur (D:2)
  2 big kobolds (Sewer)
  Robin (D:2)
  3 adders
  3 shadow imps (Sewer)
  An ooze (D:1)
  2 worms
  3 dart slugs
  4 leopard geckos
  5 giant cockroaches
  20 goblins
  11 hobgoblins
  A quokka (D:2)
  2 ball pythons
  7 bats
  3 frilled lizards
  A giant cockroach zombie (Sewer)
  20 kobolds
  3 kobold zombies (Sewer)
  4 rats
97 creatures vanquished.

Notes
Turn   | Place    | Note
-------+----------+-------------------------------------------
     0 | D:1      | Anothat the Hill Orc Fighter began the quest for the Orb.
     0 | D:1      | Reached XP level 1. HP: 19/19 MP: 1/1
   317 | D:1      | Reached XP level 2. HP: 24/27 MP: 2/2
   861 | D:1      | Reached XP level 3. HP: 34/34 MP: 3/3
  1035 | D:2      | Noticed Robin
  1385 | D:2      | Killed Robin
  1386 | D:2      | Reached XP level 4. HP: 29/41 MP: 4/4
  1579 | D:2      | Reached skill level 5 in Fighting
  1654 | D:2      | Noticed a centaur
  1665 | D:2      | Killed a centaur
  1666 | D:2      | Reached skill level 5 in Axes
  1666 | D:2      | Reached XP level 5. HP: 23/49 MP: 5/5
  1883 | D:2      | Found a burning altar of Makhleb.
  1889 | D:2      | Became a worshipper of Makhleb the Destroyer
  2528 | D:3      | Found a glowing drain.
  2566 | Sewer    | Entered a sewer
  2609 | Sewer    | Reached * piety under Makhleb
  2667 | Sewer    | Reached XP level 6. HP: 57/57 MP: 6/6
  2738 | Sewer    | Found an ancient bone altar of Kikubaaqudgha.
  2746 | Sewer    | Noticed Grinder
  2751 | Sewer    | Paralysed by Grinder for 3 turns
  2774 | Sewer    | Gained mutation: Potions are less effective at restoring
                  | your health. [potion of mutation]
  2774 | Sewer    | Gained mutation: You have supernaturally acute eyesight.
                  | (SInv) [potion of mutation]
  2774 | Sewer    | Killed from afar by Grinder

Illustrated notes

Levels and vault maps discovered:
D:1:      dpeg_arrival_snail, layout_basic, roderic_lattice_a
D:2:      layout_loops_cross, lightli_temple_of_fire, grunt_ministairs_3,
          uniq_robin
D:3:      layout_basic, gup_sewer_entry_pipe, kennysheep_okawaru_gauntlet
Sewer:    kennysheep_sewer_church

Skill      XL: |  1  2  3  4  5  6 |
---------------+-------------------+-----
Axes           | 3 4 5 6 |  6.8
Fighting       | 4 5 6 |  6.8
Armour         | |  3.2
Shields        | |  3.2

Action                   |  1- 3 |  4- 6 || total
-------------------------+-------+-------++-------
Melee: War axe           |    89 |   191 ||   280
  Use: Potion            |       |     1 ||     1
Armor: Chain mail        |    68 |   117 ||   185
       Scale mail        |     8 |       ||     8
Dodge: Dodged            |    45 |    81 ||   126
